 Dungeon Crawl Stone Soup version 0.23.1 (webtiles) character file.

Game seed: 17127895667207502306

970 PikkenKukken the Ruffian (level 7, 0/61 HPs)
             Began as a Pale Draconian Transmuter on Mar 4, 2019.
             Slain by an orc wizard
             ... wielding a +0 dagger
              (5 damage)
             ... on level 5 of the Dungeon.
             The game lasted 00:12:31 (5587 turns).

PikkenKukken the Ruffian (DrTm)                     Turns: 5587, Time: 00:12:32

Health: 0/61       AC:  2    Str: 13    XL:     7   Next: 94%
Magic:  3/10       EV: 22    Int: 14    God:
Gold:   228        SH:  0    Dex: 17    Spells: 4/10 levels left

rFire    . . .     SeeInvis .     - Unarmed
rCold    . . .     Gourm    .   (shield currently unavailable)
rNeg     . . .     Faith    .   (armour unavailable)
rPois    .         Spirit   .   (helmet currently unavailable)
rElec    .         Reflect  .   (cloak currently unavailable)
rCorr    .         Harm     .   (gloves currently unavailable)
MR       .....                  (boots currently unavailable)
Stlth    ++........             (no amulet)
HPRegen  0.20/turn              o - ring of poison resistance
MPRegen  0.12/turn              (no ring)

@: spider-form, very slightly contaminated
A: tiny, (breathe steam), unfitting armour, AC +6
a: End Transformation


You were on level 5 of the Dungeon.
You were not hungry.
You were a venomous arachnid creature.
You visited 1 branch of the dungeon, and saw 5 of its levels.
You also visited: Sewer.

You collected 228 gold pieces.

Inventory:

Missiles
 a - 26 arrows
Armour
 h - a +0 pair of boots (melded)
 i - a +0 buckler
 l - a +0 cloak (melded)
Jewellery
 o - a ring of poison resistance (left front leg)
Wands
 v - a wand of flame (6)
Scrolls
 e - a scroll of identify
 n - 3 scrolls of remove curse
Potions
 b - 2 potions of haste
 f - 2 potions of lignification
 g - 2 potions of might
 j - a potion of resistance {unknown}
 k - 5 potions of curing {unknown}
 m - 2 potions of agility
 p - a potion of flight {unknown}
 q - 2 potions of ambrosia {unknown}
 r - 2 potions of brilliance {unknown}
 s - a potion of mutation {unknown}
 t - a potion of degeneration {unknown}
Comestibles
 c - 7 rations
 d - 3 chunks of flesh


   Skills:
 + Level 5.6 Fighting
 + Level 4.5 Dodging
 + Level 5.9 Unarmed Combat
 - Level 2.0 Spellcasting
 - Level 3.0 Transmutations
 - Level 1.4 Poison Magic


You had 4 spell levels left.
You knew the following spells:

 Your Spells              Type           Power        Failure   Level  Hunger
a - Beastly Appendage     Tmut           #.....       19%         1    ##.....
b - Sticks to Snakes      Tmut           #.......     26%         2    ###....
c - Spider Form           Tmut/Pois      #.........   50%         3    ####...

Your spell library contained the following spells:

 Spells                   Type           Power        Failure   Level  Hunger
 Ice Form                 Ice/Tmut       #.......     90%         4    #####..
 Blade Hands              Tmut           #.........   96%         5    ######.


Dungeon Overview and Level Annotations

Branches:
Dungeon (5/15)
 Temple: D:4-7

Altars:
Vehumet
Xom
Yredelemnul

Shops:
D:4 }

Annotations:
D:2 1 runed translucent door, Crazy Yiuf
D:5 3 runed translucent doors, lextramoth's ghost, amateur GnSk


Innate Abilities, Weirdness & Mutations

((You can breathe blasts of scalding, opaque steam.))
((Your pale cyan-grey scales are hard. (AC +6)))
You cannot fit into any form of body armour.
((You are cold-blooded and may be slowed by cold attacks.))


Message History

Your +0 pair of boots unmelds from your body.
The crimson imp closely misses you.
Things that are here:
a +0 short sword; a cursed +0 dagger; a +0 robe
Casting: Spider Form (safe; 28% risk of failure)
Confirm with . or Enter, or press ? or * to list all spells.
You turn into a venomous arachnid creature.
Your +0 cloak melds into your body.
Your +0 pair of boots melds into your body.
The orc wizard mumbles some strange words.
The orc wizard seems to speed up.
The crimson imp blinks!
The orc priest barely misses you.
You bite the orc priest!
The orc priest is heavily wounded.
The orc wizard completely misses you. The orc priest completely misses you.
You bite the orc priest!
You kill the orc priest!
The orc wizard misses you.
The orc wizard hits you with a +0 dagger.
You die...

#####..........#
###.####...#
#.#####.###
#.#.......#
..#.###.#.#
###.# #.#.#
#.###.#.#
#.##..#.#
#).s)...#
####o#### ##.#5#
####..o.#####<
+..........5o..
####..#####.#.#
##. #o #.


You could see an orc wizard and a crimson imp.

Vanquished Creatures
  A water moccasin (D:5)
  A centaur (D:5)
  2 bullfrogs (Sewer)
  A scorpion (D:4)
  3 orc priests (D:5)
  A hound (D:5)
  2 orc wizards
  An iguana (D:4)
  Natasha (thrice) (D:2)
  3 worker ants (D:4)
  Robin (D:4)
  4 gnolls (D:3)
  8 adders
  An ooze (D:1)
  2 adder skeletons (D:4)
  2 worms
  2 dart slugs (D:1)
  9 leopard geckos
  4 orcs
  6 ball pythons
  8 bats
  6 giant cockroaches
  2 gnoll zombies (D:2)
  6 hobgoblins
  7 jackals
  5 kobolds
  8 frilled lizards
  20 goblins
  10 rats
129 creatures vanquished.

Vanquished Creatures (collateral kills)
  An adder (D:2)
  A goblin (D:4)
  A jackal (D:2)
3 creatures vanquished.

Grand Total: 132 creatures vanquished

Notes
Turn   | Place    | Note
-------+----------+-------------------------------------------
     0 | D:1      | PikkenKukken the Draconian Transmuter began the quest for
                  | the Orb.
     0 | D:1      | Reached XP level 1. HP: 16/16 MP: 3/3
   136 | D:1      | Reached XP level 2. HP: 22/24 MP: 3/5
   196 | D:1      | Learned a level 2 spell: Sticks to Snakes
   718 | D:1      | Reached XP level 3. HP: 30/30 MP: 4/6
   723 | D:1      | Learned a level 3 spell: Spider Form
  1215 | D:2      | Noticed Natasha
  1226 | D:2      | Killed Natasha
  1226 | D:2      | Reached skill level 1 in Poison Magic
  1226 | D:2      | Reached XP level 4. HP: 22/37 MP: 3/7
  1672 | D:2      | Found a runed translucent door.
  1673 | D:2      | Noticed Crazy Yiuf
  1807 | D:2      | Noticed Natasha
  1818 | D:2      | Killed Natasha
  2297 | D:2      | Found a basalt altar of Yredelemnul.
  2349 | D:2      | Noticed Natasha
  2360 | D:2      | Killed Natasha
  2360 | D:2      | Reached XP level 5. HP: 45/45 MP: 1/8
  2683 | D:3      | Found a shimmering altar of Xom.
  3216 | D:3      | Found a glowing drain.
  3227 | Sewer    | Entered a sewer
  3412 | Sewer    | Reached XP level 6. HP: 42/51 MP: 5/9
  4217 | D:4      | Reached skill level 5 in Unarmed Combat
  4326 | D:4      | Your scales start taking on a pale cyan-grey colour.
  4326 | D:4      | Reached XP level 7. HP: 53/60 MP: 6/10
  4384 | D:4      | Noticed Robin
  4858 | D:4      | Killed Robin
  5076 | D:4      | Found Inaxop's Gadget Shop.
  5168 | D:5      | Entered Level 5 of the Dungeon
  5307 | D:5      | Reached skill level 5 in Fighting
  5366 | D:5      | Found a radiant altar of Vehumet.
  5518 | D:5      | Found a runed translucent gate.
  5518 | D:5      | Found a runed translucent gate.
  5519 | D:5      | Found a runed translucent gate.
  5523 | D:5      | Noticed lextramoth's ghost (amateur GnSk)
  5575 | D:5      | HP: 3/61 [orc wizard/puff of flame (7)]
  5587 | D:5      | Slain by an orc wizard

Skill      XL: |  1  2  3  4  5  6  7 |
---------------+----------------------+-----
Fighting       | 2 3 4 5 |  5.6
Poison Magic   | 1 |  1.4
Transmutations | 3 |  3.0
Dodging        | 2 3 4 |  4.5
Unarmed Combat | 4 5 |  5.9
Spellcasting   | |  2.0

Action                   |  1- 3 |  4- 6 |  7- 9 || total
-------------------------+-------+-------+-------++-------
Melee: Unarmed           |    77 |   255 |    98 ||   430
       Kick              |     5 |       |       ||     5
       Headbutt          |     8 |     2 |       ||    10
       Tailslap          |     4 |    10 |     6 ||    20
       Punch             |     1 |       |     1 ||     2
 Cast: Beastly Appendage |    23 |     5 |     1 ||    29
       Sticks to Snakes  |     2 |     2 |     1 ||     5
       Spider Form       |       |    16 |    10 ||    26
 Abil: Breathe Steam     |       |       |     1 ||     1
  Use: Scroll            |     2 |     5 |       ||     7
       Potion            |       |       |     1 ||     1
 Stab: Sleeping          |       |       |     1 ||     1
  Eat: Chunk             |     2 |    13 |     3 ||    18
       Ration            |       |       |     1 ||     1
Armor: Skin              |    20 |    46 |    22 ||    88
Dodge: Dodged            |    44 |   182 |    77 ||   303
